 Dungeon Crawl Stone Soup version 0.32-a0-656-g3542139ebd (webtiles) character file.

Game seed: 17510293314131019996

124 kae the Slasher (level 5, 0/57 HPs)
             Began as a Coglin Gladiator on Mar 8, 2024.
             Slain by a kobold brigand
             ... wielding a +0 short sword
              (4 damage)
             ... on level 4 of the Dungeon.
             The game lasted 00:01:34 (2581 turns).

kae the Slasher (Coglin Gladiator)                  Turns: 2581, Time: 00:01:35

Health: 0/57       AC:  9    Str: 14    XL:     5   Next: 8%
Magic:  5/5        EV: 10    Int:  8    God:
Gold:   225        SH:  0    Dex: 17    Spells: 4/4 levels left

rFire   . . .        a - +0 long sword {Eshargamelat}
rCold   . . .        f - +0 dagger {Henutemipet}
rNeg    . . .        q - +0 scale mail
rPois   .            c - +0 helmet
rElec   .            (no cloak)
rCorr   .            n - +1 pair of gloves
SInv    .            (no boots)
Will    .....        (amulet unavailable) Stlth
                     (ring unavailable)
HPRegen 0.29/turn    (ring unavailable)
MPRegen 0.09/turn    (no gizmo)

%: no passive effects
@: mighty, berserking, lethally poisoned (0 -> -2), slowed, revving
A: off-hand wielding, slow wielding, warmup strikes, no jewellery
a: Invent Gizmo


You were on level 4 of the Dungeon.
You visited 1 branch of the dungeon, and saw 4 of its levels.

You collected 225 gold pieces.


Innate Abilities, Weirdness & Mutations

You can wield a second weapon in your off-hand.
It takes a long time for you to wield or remove held weapons.
Your first few attacks do less damage.
You cannot equip rings or amulets.


   Skills:
 - Level 2.0 Fighting
 + Level 5.6 Long Blades
 - Level 1.7 Throwing
 - Level 2.6 Dodging


You had 4 spell levels left.
You didn't know any spells.
Your spell library was empty.

Inventory:

Hand Weapons
 a - a +0 long sword (weapon) {Eshargamelat}
 f - a +0 dagger (offhand) {Henutemipet}
Missiles
 d - 3 throwing nets (quivered) {=f!f}
 e - a javelin
 l - 23 stones
 m - 10 poisoned darts
 p - 2 boomerangs
Armour
 c - a +0 helmet (worn)
 n - a +1 pair of gloves (worn)
   (You found it on level 1 of the Dungeon)
 q - a +0 scale mail (worn)
   (You found it on level 2 of the Dungeon)
Magical Staves
 g - the staff "Testudinebane" {rElec Dex+3 Air, !a}
   (You found it on level 3 of the Dungeon)

   [staff of air]

   Base accuracy: +5 Base damage: 5 Base attack delay: 1.2 This weapon's minimum
   attack delay (0.6) is reached at skill level 12.
   Dex+3:     It affects your dexterity (+3).
   rElec:     It insulates you from electricity.
   Air:       It increases the power of your Air spells.
   It falls into the 'Staves' category.
   It is a one-graspered weapon.
Jewellery
 C - a ring of ice
   (You found it on level 2 of the Dungeon)
 N - a ring of positive energy
   (You found it on level 3 of the Dungeon)
 P - a ring of poison resistance
   (You found it on level 1 of the Dungeon)
Wands
 r - a wand of polymorph (8)
   (You took it off Ijyb on level 3 of the Dungeon)
Scrolls
 b - a scroll of amnesia
 i - 4 scrolls of teleportation {@r4}
 v - a scroll of fear
 w - a scroll of revelation
Potions
 h - a potion of cancellation
 j - a potion of haste {unknown}
 k - a potion of degeneration {!q}
 u - a potion of mutation {unknown}

Dungeon Overview and Level Annotations

Branches:
Dungeon (4/15) Zot: 21411
 Temple: D:4-7

Altars:

Annotations:
D:3 1 runed translucent door, MirrMurr's ghost, amateur OnWr

### #.. #.# #.# #.#
# ####K# .# #
..##..S@#######.##.#
o.....O.............
..##....#.......#
+..........#
#...##.#<#.# #...
#.#.#.# #... #...#.#
#... #####.# ##.. +#


You could see a kobold brigand, an ogre, an adder and an orc (wandering).


Message History

Your +0 helmet unmelds from your body.
Your +1 pair of gloves unmelds from your body.
Your +0 scale mail unmelds from your body. 😎 HP[-19]
You now have 38 max hp (-19).
r - a wand of polymorph (8)
Things that are here:
a +0 club; a +0 ring mail; the goblin corpse of Ijyb Unknown command.
You feel a little less mighty now.
You open the door.
There is an open door here.
There is an escape hatch in the ceiling here.
Found an escape hatch in the floor.
v - a scroll of fear You see here a +0 spear.
w - a scroll of revelation You now have 225 gold pieces (gained 1).
Key pressed, stopping explore.
Could not explore, unopened runed door.
Could not explore, unopened runed door.
Could not explore, unopened runed door.
Okay, then.
You can't wear jewellery.
Unknown command.
MirrMurr's ghost lets out a mournful wail.
There is a stone staircase leading down here.
You climb downwards.
There is a stone staircase leading up here.
Okay, then.
Unknown command.
A kobold brigand comes into view.
It is wielding a +0 short sword and quivering curare-tipped darts.
The kobold brigand shouts!
A kobold brigand is nearby!
A kobold brigand is nearby!
An adder comes into view.
The kobold brigand throws a curare-tipped dart.
The curare-tipped dart hits you.
You are poisoned.
You have difficulty breathing.
You feel yourself slow down. 😕 HP[-7]
You take 7 damage, and now have 31/38 hp.
You feel very sick.
The adder hisses angrily.
The kobold brigand throws a curare-tipped dart.
The curare-tipped dart hits you.
You are lethally poisoned!
You have difficulty breathing.
You feel as though you will be slow longer. 😮 HP[-11]
You take 11 damage, and now have 20/38 hp.
MASSIVE DAMAGE!! (PAUSE)
* * * LOW HITPOINT WARNING * * *
You feel extremely sick.
The kobold brigand hits you but does no damage.
An ogre comes into view. It is wielding a +0 giant club.
The kobold brigand barely misses you. 😨 HP[-9]
You take 9 damage, and now have 11/38 hp.
MASSIVE DAMAGE!! (PAUSE)
You feel better.
The ogre shouts!
The kobold brigand hits you with a +0 short sword.
* * * LOW HITPOINT WARNING * * *
😨 HP[+8]
You regained 8 hp, and now have 19/38 hp.
You feel very mighty all of a sudden. The adder bites you but does no damage.
The kobold brigand closely misses you. The adder bites you.
* * * LOW HITPOINT WARNING * * *
You are poisoned.
The adder poisons you!
The kobold brigand hits you with a +0 short sword.
* * * LOW HITPOINT WARNING * * *
You slash the kobold brigand with your +0 long sword!
You puncture the kobold brigand with your +0 dagger!
You feel very sick. The adder misses you. The adder closely misses you.
The kobold brigand hits you with a +0 short sword.
* * * LOW HITPOINT WARNING * * *
😱 HP[-12]
You take 12 damage, and now have 7/38 hp.
MASSIVE DAMAGE!! (PAUSE)
You closely miss the adder with your +0 long sword.
You miss the adder with your +0 dagger.
You feel sick. The adder barely misses you.
The kobold brigand closely misses you. The adder closely misses you.
It was a potion of berserk rage.
A red film seems to cover your vision as you go berserk!
You feel yourself moving faster!
You feel mighty!
You feel sick. The adder bites you.
* * * LOW HITPOINT WARNING * * *
The kobold brigand hits you with a +0 short sword.
* * * LOW HITPOINT WARNING * * *
The adder bites you but does no damage.
An orc comes into view. It is wielding a +0 short sword.
The ogre barely misses you.
The kobold brigand hits you with a +0 short sword.
You die...

Skill      XL: |  1  2  3  4 |
---------------+-------------+-----
Long Blades    | 4 5 |  5.6
Fighting       | |  2.0
Throwing       | |  1.7
Dodging        | |  2.6

Action                     |  1- 3 |  4- 6 || total
---------------------------+-------+-------++-------
  Melee: Long sword        |    59 |    30 ||    89
         Dagger            |    59 |    28 ||    87
    Use: Scroll            |     8 |     1 ||     9
         Potion            |       |     6 ||     6
   Stab: Sleeping          |     3 |       ||     3
 Armour: Leather armour    |    22 |       ||    22
         Scale mail        |    20 |    30 ||    50
         Skin              |       |     3 ||     3
  Dodge: Dodged            |    30 |    21 ||    51

Levels and vault maps discovered:
D:1:      roadster_arrival_rocket_small, layout_basic
D:2:      layout_loops_ring
D:3:      layout_basic, hellmonk_ecumenical_altar_heavens_door,
          hellmonk_ghost_happy_afterlife, serial_corexii_hall,
          corexii_hall_statues_s, corexii_hall_statues_x, uniq_ijyb
D:4:      layout_basic

Notes
Turn   | Place    | Note
-------+----------+-------------------------------------------
     0 | D:1      | kae the Coglin Gladiator began the quest for the Orb.
     0 | D:1      | Reached XP level 1. HP: 16/16 MP: 1/1
     0 | D:1      | magus.rc [v1.11.3]
   235 | D:1      | Reached XP level 2. HP: 22/22 MP: 2/2
   804 | D:1      | Reached skill level 4 in Long Blades
  1158 | D:2      | Reached XP level 3. HP: 27/27 MP: 3/3
  1889 | D:3      | Found a runed translucent door.
  1889 | D:3      | Noticed MirrMurr's ghost (amateur OnWr)
  1898 | D:3      | Identified the staff "Testudinebane" {rElec Dex+3 Air}
  2025 | D:3      | Found a faded altar of an unknown god.
  2073 | D:3      | Reached XP level 4. HP: 16/33 MP: 4/4
  2092 | D:3      | HP: 8/33 [orc/+0 club (3)]
  2107 | D:3      | Reached skill level 5 in Long Blades
  2378 | D:3      | Noticed Ijyb
  2389 | D:3      | Killed Ijyb
  2390 | D:3      | Reached XP level 5. HP: 38/38 MP: 5/5
  2573 | D:4      | Noticed a kobold brigand
  2576 | D:4      | Noticed an ogre
  2579 | D:4      | HP: 7/38 [kobold brigand/+0 short sword (6)]
  2581 | D:4      | Slain by a kobold brigand

Vanquished Creatures
  An orc priest (D:3)
  Ijyb (D:3)
  An orc wizard (D:3)
  2 dart slugs (D:1)
  4 orcs (D:3)
  2 ball pythons (D:2)
  5 endoplasms
  A giant cockroach (D:2)
  2 goblins
  2 hobgoblins
  3 kobolds
  3 quokkas
  7 bats
  5 frilled lizards
  2 rats (D:2)
41 creatures vanquished.

Table legend:
 A = Non-vault XP
 B = Vault XP
 C = Vault XP percentage of total XP
 D = Non-vault monster count
 E = Vault monster count
 F = Vault count percentage of total count
                 A         B        C        D         E       F
            +---------+---------+-------+---------+---------+-------
      Total |     142 |      36 |  20.2 |      40 |       1 |   2.4
            +---------+---------+-------+---------+---------+-------
        D:1 |      30 |       0 |   0.0 |      17 |       0 |   0.0
        D:2 |      17 |       0 |   0.0 |      13 |       0 |   0.0
        D:3 |      95 |      36 |  27.5 |      10 |       1 |   9.1
            +---------+---------+-------+---------+---------+-------

Skill      XL: |  1  2  3  4 |
---------------+-------------+-----
Long Blades    | 4 5 |  5.6
Fighting       | |  2.0
Throwing       | |  1.7
Dodging        | |  2.6

Action                     |  1- 3 |  4- 6 || total
---------------------------+-------+-------++-------
  Melee: Long sword        |    59 |    30 ||    89
         Dagger            |    59 |    28 ||    87
    Use: Scroll            |     8 |     1 ||     9
         Potion            |       |     6 ||     6
   Stab: Sleeping          |     3 |       ||     3
 Armour: Leather armour    |    22 |       ||    22
         Scale mail        |    20 |    30 ||    50
         Skin              |       |     3 ||     3
  Dodge: Dodged            |    30 |    21 ||    51

Illustrated notes

Table legend:
 A = Kills in this place as a percentage of kills in the entire game.
 B = Kills by you in this place as a percentage of kills by you in the entire game.
 C = Kills by friends in this place as a percentage of kills by friends in the entire game.
 D = Other kills in this place as a percentage of other kills in the entire game.
 E = Experience gained in this place as a percentage of experience gained in the entire game.
 F = Experience gained in this place divided by the number of levels of this place that you have seen.
                   A       B       C       D       E      F
               +-------+-------+-------+-------+-------+----------------------
         Total | 100.0 | 100.0 |   N/A |   N/A | 100.0 |  44.5
       Dungeon | 100.0 | 100.0 |   N/A |   N/A | 100.0 |  44.5
               +-------+-------+-------+-------+-------+----------------------

Table legend: (Time is in decaauts)
 A = Elapsed time spent in this place.
 B = Non-inter-level travel time spent in this place.
 C = Inter-level travel time spent in this place.
 D = Time resting spent in this place.
 E = Time spent auto-exploring this place.
 F = Levels seen in this place.
 G = Mean time per level.
                   A        B        C        D        E       F      G
               +--------+--------+--------+--------+--------+-----+--------+
         Total |   2586 |   2473 |    113 |     22 |   2130 |   4 |  646.5 |
       Dungeon |   2586 |   2473 |    113 |     22 |   2130 |   4 |  646.5 |
               +--------+--------+--------+--------+--------+-----+--------+

Top non-repeatable levels by time:
     D:1: 1120 daAuts
     D:3: 866 daAuts
     D:2: 582 daAuts
     D:4: 16 daAuts
